 Dungeon Crawl Stone Soup version 0.25-a0-110-ge29c8f2358 (webtiles) character file.

Game seed: 16304312582764160655, levelgen mode: deterministic

1406 MisterFreud the Nimble (level 8, 0/50 HPs)
             Began as an Octopode Gladiator on Nov 19, 2019.
             Was a Follower of Cheibriados.
             Slain by a sky beast (5 damage)
             ... on level 6 of the Dungeon.
             The game lasted 00:08:55 (6264 turns).

MisterFreud the Nimble (Octopode Gladiator)         Turns: 6264, Time: 00:08:56

Health: 0/50       AC:  1    Str: 16    XL:     8   Next: 70%
Magic:  8/8        EV: 20    Int: 15    God:    Cheibriados [*.....]
Gold:   156        SH:  0    Dex: 17    Spells: 7/7 levels left

rFire    . . .     SeeInvis .   a - +0 long sword
rCold    . . .     Gourm    .   (no shield)
rNeg     . . .     Faith    .   b - +0 hat
rPois    .         Spirit   .   (no amulet)
rElec    .         Reflect  .   (no ring)
rCorr    .         Harm     .   (no ring)
MR       .....                  (no ring)
Stlth    +++.......             (no ring)
HPRegen  0.16/turn              (no ring)
MPRegen  0.11/turn              (no ring)
                                (no ring)
                                (no ring)

@: very slow
A: almost no armour, stealthy swim, amphibious, 8 rings, constrict 8, camouflage
1, gelatinous body 1
a: Bend Time, Renounce Religion


You were on level 6 of the Dungeon.
You worshipped Cheibriados.
Cheibriados was aware of your devotion.
You were not hungry.

You visited 2 branches of the dungeon, and saw 7 of its levels.
You also visited: Sewer.

You collected 276 gold pieces.
You spent 120 gold pieces at shops.

Inventory:

Hand Weapons
 a - a +0 long sword (weapon)
Missiles
 c - 3 throwing nets
 g - 182 stones
 h - 21 sling bullets
 j - 32 arrows
 p - a boomerang
 q - 24 poisoned darts (quivered)
 v - 8 silver javelins
 x - 27 bolts
Armour
 b - a +0 hat (worn)
Wands
 t - a wand of flame (5)
 A - a wand of acid (23)
 B - a wand of iceblast (6)
Scrolls
 e - 2 scrolls of magic mapping
 k - a scroll of enchant armour {unknown}
 m - 4 scrolls of amnesia {unknown}
 n - 2 scrolls of teleportation {unknown}
 w - a scroll of fear
 y - a scroll of identify
 z - a scroll of remove curse
 F - a scroll of enchant weapon {unknown}
Potions
 f - a potion of cancellation
 i - 5 potions of curing
 l - a potion of heal wounds
 o - a potion of magic
 r - 3 potions of might
 s - 2 potions of ambrosia
 u - 4 potions of degeneration {unknown}
 C - a potion of brilliance {unknown}
 D - 2 potions of mutation {unknown}
 E - a potion of berserk rage {unknown}
Comestibles
 d - 7 rations


   Skills:
 - Level 2.0 Fighting
 - Level 6.0 Long Blades
 - Level 2.0 Throwing
 + Level 9.5 Dodging


You had 7 spell levels left.
You didn't know any spells.
Your spell library was empty.

Dungeon Overview and Level Annotations

Branches:
Dungeon (6/15)             Temple (1/1) D:4           Sewer (visited)

Altars:
Cheibriados
Dithmenos
Elyvilon
Fedhas
Gozag
Hepliaklqana
Kikubaaqudgha
Makhleb
Nemelex Xobeh
Okawaru
Qazlal
Sif Muna
Trog
Uskayaw
Wu Jian
The Shining One

Shops:
D:4 *


Innate Abilities, Weirdness & Mutations

You cannot wear most types of armour.
You are very stealthy in the water. (Stealth+)
You are amphibious.
You can wear up to eight rings at the same time.
You can use your tentacles to constrict eight enemies at once.
Your skin changes colour to match your surroundings (Stealth+).
Your rubbery body absorbs attacks. (AC +1, EV +1)


Message History

The sky beast hits you. The sky beast shocks you.
You hit the sky beast.
The sky beast is severely wounded.
The sky beast flickers out of sight!
Deactivating autopickup; reactivate with Ctrl-A.
Something hits you. Something shocks you.
You are too injured to fight recklessly!
You barely miss something. Something barely misses you.
You barely miss something. Your squeeze misses something.
Something barely misses you.
You barely miss something. Something hits you.
* * * LOW HITPOINT WARNING * * *
Something shocks you.
* * * LOW HITPOINT WARNING * * *
You hit something. Something closely misses you.
You completely miss something. Your squeeze misses something.
Something hits you.
* * * LOW HITPOINT WARNING * * *
Something shocks you.
You die...

#.# ###.### #........#
......# #........#
###.#/# #......... #
#.#.# #........# #
#...# #........# #
##..# #........## #
#..# #......{..# # #..#
#+# #@..# # ##.# #.#
#...# ### #.# #.# #...#
..# #.## #.# #...# ..#
#..# #.# #...#
..###).####.# #...#
............# #...#
####..#.###.####...####
...............'...+...


There were no monsters in sight!

Vanquished Creatures
  A black bear (D:6)
  A phantom (D:4)
  An ogre (D:6)
  7 big kobolds (Sewer)
  A scorpion (D:5)
  A howler monkey (D:5)
  A hound (D:4)
  An orc priest (D:4)
  An orc wizard (D:5)
  Terence (D:2)
  Natasha (thrice) (D:3)
  An iguana (D:6)
  A worker ant (D:5)
  A hound skeleton (D:5)
  3 gnolls (D:5)
  A worker ant zombie (D:6)
  8 adders
  4 river rats
  A shadow imp (D:5)
  7 oozes
  3 adder skeletons (D:5)
  3 worms
  2 dart slugs
  8 leopard geckos
  13 orcs
  5 ball pythons
  4 giant cockroaches
  5 goblins
  3 hobgoblins
  8 jackals
  3 quokkas
  11 bats
  4 frilled lizards
  A giant cockroach zombie (D:5)
  7 kobolds
  A leopard gecko zombie (D:4)
  A quokka skeleton (D:5)
  13 rats
141 creatures vanquished.

Notes
Turn   | Place    | Note
-------+----------+-------------------------------------------
     0 | D:1      | MisterFreud the Octopode Gladiator began the quest for the
                  | Orb.
     0 | D:1      | Reached XP level 1. HP: 14/14 MP: 1/1
   157 | D:1      | Reached XP level 2. HP: 16/19 MP: 2/2
   605 | D:1      | Reached XP level 3. HP: 20/24 MP: 3/3
   877 | D:2      | Noticed Terence
   888 | D:2      | Killed Terence
  1132 | D:2      | Reached XP level 4. HP: 29/29 MP: 4/4
  1265 | D:2      | Reached skill level 5 in Long Blades
  1731 | D:3      | Noticed Natasha
  1740 | D:3      | Killed Natasha
  1740 | D:3      | Reached XP level 5. HP: 29/34 MP: 5/5
  1887 | D:3      | Found a glowing drain.
  1895 | Sewer    | Entered a sewer
  2049 | Sewer    | Noticed a big kobold
  2128 | Sewer    | Killed a big kobold
  2128 | Sewer    | Reached skill level 4 in Dodging
  2128 | Sewer    | Reached XP level 6. HP: 26/39 MP: 6/6
  2308 | Sewer    | Reached skill level 5 in Dodging
  2384 | Sewer    | Reached XP level 7. HP: 42/45 MP: 7/7
  2451 | Sewer    | Reached skill level 6 in Dodging
  2609 | Sewer    | Reached skill level 7 in Dodging
  2824 | D:3      | Noticed Natasha
  2834 | D:3      | Killed Natasha
  2848 | D:3      | Noticed Natasha
  2859 | D:3      | Killed Natasha
  3219 | D:3      | Found an iron altar of Okawaru.
  3280 | D:3      | Found a white marble altar of Elyvilon.
  3459 | D:4      | Found a staircase to the Ecumenical Temple.
  3468 | Temple   | Entered the Ecumenical Temple
  3870 | D:4      | Reached XP level 8. HP: 25/50 MP: 8/8
  4039 | D:4      | Found a burning altar of Makhleb.
  4050 | D:4      | Found a snail-covered altar of Cheibriados.
  4053 | D:4      | Found a hazy altar of Hepliaklqana.
  4058 | D:4      | Became a worshipper of Cheibriados the Contemplative
  4175 | D:4      | Found a shadowy altar of Dithmenos.
  4298 | D:4      | Found a shadowy altar of Dithmenos.
  4310 | D:4      | Reached skill level 8 in Dodging
  4365 | D:4      | Found Nuotz's Assorted Antiques.
  4370 | D:4      | Bought a copper wand for 120 gold pieces
  4512 | D:5      | Entered Level 5 of the Dungeon
  5022 | D:5      | Reached * piety under Cheibriados
  5110 | D:5      | Found a blossoming altar of Fedhas.
  5803 | D:6      | Reached skill level 9 in Dodging
  6264 | D:6      | Slain by a sky beast

Levels and vault maps discovered:
D:1:      dpeg_arrival_prison, layout_basic
D:2:      layout_loops_ring, first_ration, hangedman_abyss_or_decor_lesser_grid,
          kennysheep_generic_room_5, uniq_terence
D:3:      layout_basic, overflow_temple_1_default,
          lemuel_coloured_pillars_altar, gup_sewer_entry_bubbles, uniq_natasha
D:4:      layout_loops_ring, lemuel_round_altar, minitemple, kennysheep_mini,
          minmay_temple_entry_gardened_gates, serial_shops,
          kennysheep_little_box, minmay_statues_item, grunt_dithmenos_shadows
D:5:      layout_basic, overflow_temple_1_default
D:6:      layout_basic
Temple:   jpeg_temple_island

Skill      XL: |  1  2  3  4  5  6  7  8 |
---------------+-------------------------+-----
Long Blades    | 4 5 6 |  6.0
Dodging        | 4 5 7 9 |  9.5
Fighting       | |  2.0
Throwing       | |  2.0

Action                   |  1- 3 |  4- 6 |  7- 9 || total
-------------------------+-------+-------+-------++-------
Melee: Long sword        |    45 |    87 |   169 ||   301
       Constrict         |    14 |    19 |    44 ||    77
       Tentacles         |     9 |    27 |    45 ||    81
Throw: Throwing net      |     1 |     1 |       ||     2
       Dart              |       |     7 |     1 ||     8
Evoke: Wand              |       |       |     2 ||     2
  Use: Scroll            |       |     1 |     8 ||     9
 Stab: Sleeping          |     4 |     5 |    13 ||    22
       Distracted        |       |     1 |       ||     1
  Eat: Chunk             |       |     4 |     5 ||     9
       Ration            |       |       |     2 ||     2
Armor: Skin              |     3 |     4 |     5 ||    12
Dodge: Dodged            |    25 |    51 |   106 ||   182
       Rpst.: Long sword |     9 |    13 |    23 ||    45

Table legend:
 A = Non-vault XP
 B = Vault XP
 C = Vault XP percentage of total XP
 D = Non-vault monster count
 E = Vault monster count
 F = Vault count percentage of total count
                 A         B        C        D         E       F
            +---------+---------+-------+---------+---------+-------
      Total |     963 |    1046 |  52.1 |     100 |      41 |  29.1
            +---------+---------+-------+---------+---------+-------
        D:1 |      38 |       3 |   7.3 |      19 |       2 |   9.5
        D:2 |      42 |      38 |  47.5 |      18 |       2 |  10.0
        D:3 |     124 |      73 |  37.1 |      19 |       8 |  29.6
        D:4 |     126 |     127 |  50.2 |      12 |       1 |   7.7
        D:5 |     307 |       0 |   0.0 |      24 |       0 |   0.0
        D:6 |     326 |       0 |   0.0 |       8 |       0 |   0.0
      Sewer |       0 |     805 | 100.0 |       0 |      28 | 100.0
            +---------+---------+-------+---------+---------+-------
